AoeStats
← BOOMKILLED

Arena

509542204Analyzed
2v2 RM · 4d ago on Sep 27, 2026· 74m 54s· 4 players
Game mode
Random Map
Map size
Medium (4 player)
Population
200
Speed
Normal
Resources
Standard
Victory
Conquest
Starting age
Dark Age
Ending age
Imperial Age
RankedLock teamsTeams togetherTeam positionsShared explorationLock speedFull tech treeHidden civsTurbo modeCheats
Victory
Defeat
🇨🇦 Romans · Canada
536
+21
🇲🇽 Sicilians · Mexico
359
+27
🇺🇸 Persians · United States
638
-24
🇺🇸 Britons · United States
635
-24
BOOMKILLED
2:37 Loom
10:37 Feudal Age
11:08 Double-Bit Axe
11:07 Horse Collar
11:40 Town Watch
12:33 Wheelbarrow
13:39 Man-at-Arms
25:11 Castle Age
24:10 Gold Mining
24:14 Stone Mining
25:16 Long Swordsman
26:09 Heavy Plow
26:27 Bow Saw
26:58 Gold Shaft Mining
27:56 Squires
28:57 Hand Cart
29:17 Forging
29:15 Scale Mail Armor
29:21 Fletching
30:21 Town Patrol
36:18 Imperial Age
37:24 Capped Ram
38:15 Legionary
39:28 Conscription
42:21 Heavy Scorpion
42:34 Pikeman
43:48 Bodkin Arrow
43:54 Padded Archer Armor
43:44 Halberdier
45:09 Ballistas
50:24 Siege Ram
53:37 Comitatenses
63:52 Elite Centurion
eduardolucifer30
3:45 Loom
9:35 Feudal Age
15:05 Wheelbarrow
14:25 Horse Collar
16:48 Gold Mining
21:10 Double-Bit Axe
24:47 Castle Age
23:30 Scale Mail Armor
24:20 Forging
27:11 Stone Mining
28:03 Bow Saw
29:37 Crossbowman
33:25 Chain Mail Armor
33:46 Iron Casting
33:48 Padded Archer Armor
33:11 Light Cavalry
34:01 Bloodlines
34:19 Fletching
34:35 Scale Barding Armor
35:11 Husbandry
37:09 Stone Shaft Mining
38:21 Caravan
38:35 Bodkin Arrow
43:03 Imperial Age
42:03 Hand Cart
44:37 Gold Shaft Mining
44:45 Coinage
44:38 Town Watch
45:22 Cranequins
46:52 Heavy Plow
49:27 Plate Mail Armor
49:28 Arbalester
51:34 First Crusade
51:40 Cavalier
53:05 Chain Barding Armor
58:31 Plate Barding Armor
59:27 Bracer
60:28 Blast Furnace
59:54 Ballistics
60:34 Crop Rotation
60:20 Murder Holes
63:37 Banking
63:18 Guilds
62:38 Elite Serjeant
64:21 Capped Ram
67:11 Masonry
67:08 Siege Engineers
67:23 Leather Archer Armor
70:11 Heavy Mounted Crossbowman
70:49 Heated Shot
72:01 Chemistry
70:47 Arrowslits
71:42 Hoardings
70:38 Sappers
71:29 Conscription
Mayhem
11:00 Feudal Age
15:10 Castle Age
16:02 Castle Age
14:36 Double-Bit Axe
21:08 Horse Collar
21:05 Man-at-Arms
28:04 Bloodlines
28:52 Forging
34:24 Imperial Age
32:52 Scale Barding Armor
32:49 Padded Archer Armor
32:40 Fletching
32:59 Scale Mail Armor
35:25 Thumb Ring
37:39 Parthian Tactics
38:29 Bow Saw
40:00 Chemistry
39:41 Ballistics
39:32 Husbandry
39:44 Bodkin Arrow
40:05 Leather Archer Armor
45:49 Chain Barding Armor
46:00 Ring Archer Armor
46:06 Iron Casting
45:47 Chain Mail Armor
45:33 Murder Holes
49:30 Cavalier
54:12 Savar
54:56 Heavy Cavalry Archer
65:47 Plate Barding Armor
TRAP-GAMER-ANT
17:42 Feudal Age
20:25 Double-Bit Axe
20:58 Horse Collar
20:44 Man-at-Arms
25:17 Castle Age
25:48 Long Swordsman
27:17 Gold Mining
32:13 Imperial Age
32:15 Elite Skirmisher
34:29 Gold Shaft Mining
33:18 Two-Handed Swordsman
34:33 Champion
35:59 Caravan
39:43 Padded Archer Armor
40:08 Onager
41:20 Heavy Plow
45:49 Elite Skirmisher
51:20 Elite Longbowman
54:53 Scale Mail Armor
55:10 Leather Archer Armor
Connection lost

Rejoining the realm…

Still unreachable

The connection could not be restored.

Session expired

The server has moved on; the page needs a fresh start.